 Dungeon Crawl Stone Soup version 0.29.1-15-g9cfb28693d (webtiles) character file.

Game seed: 113007584831910710

168 ThatPearl the Trooper (level 5, 0/42 HPs)
             Began as a Demonspawn Warper on Mar 10, 2023.
             Slain by an orc
             ... wielding a +0 morningstar
              (6 damage)
             ... on level 3 of the Dungeon.
             The game lasted 00:04:33 (2531 turns).

ThatPearl the Trooper (Demonspawn Warper)           Turns: 2531, Time: 00:04:34

Health: 0/42       AC:  7    Str: 15    XL:     5   Next: 24%
Magic:  0/2        EV: 12    Int: 22    God:
Gold:   40         SH:  0    Dex:  9    Spells: 3/8 levels left

rFire   . . .      SeeInvis .   l - +2 morningstar (antimagic)
rCold   . . .      Faith    .   (no shield)
rNeg    . . .      Spirit   .   q - +2 ring mail "Jaolea" {rElec Str+3 Int+6 Dex-3}
rPois   .          Reflect  .   (no helmet)
rElec   +          Harm     .   (no cloak)
rCorr   .          Rampage  .   (no gloves)
Will    .....                   (no boots)
Stlth   ..........              (no amulet)
HPRegen 0.14/turn               (no ring)
MPRegen 0.08/turn               (no ring)

@: on blink cooldown
A: repulsion field 1
a: no special abilities


You were on level 3 of the Dungeon.
You visited 1 branch of the dungeon, and saw 3 of its levels.

You collected 144 gold pieces.
You spent 104 gold pieces at shops.

Inventory:

Hand Weapons
 a - a +0 hand axe
 b - a +0 trident
 l - a +2 antimagic morningstar (weapon)
Missiles
 d - 7 boomerangs of dispersal (quivered)
 j - 18 stones
Armour
 q - the +2 ring mail "Jaolea" (worn) {rElec Str+3 Int+6 Dex-3}
   (You found it on level 2 of the Dungeon)

   Str:       It affects your strength (+3).
   Int:       It affects your intelligence (+6).
   Dex:       It affects your dexterity (-3).
   rElec:     It insulates you from electricity.
Scrolls
 c - a scroll of blinking
 g - a scroll of brand weapon {unknown}
 h - 3 scrolls of teleportation {unknown}
 m - 3 scrolls of identify {unknown}
 n - a scroll of silence {unknown}
 p - a scroll of immolation {unknown}
 s - a scroll of poison {unknown}
Potions
 e - a potion of resistance {unknown}
 f - a potion of degeneration {unknown}
 i - a potion of cancellation {unknown}
 k - a potion of brilliance {unknown}
 o - a potion of attraction {unknown}
 r - 2 potions of heal wounds
 t - a potion of curing


   Skills:
 + Level 4.1 Fighting
 + Level 3.7 Axes
 - Level 0.8 Throwing
 - Level 0.8 Armour
 - Level 1.7 Dodging
 - Level 2.0 Spellcasting
 - Level 2.6 Translocations


You had 3 spell levels left.
You knew the following spells:

 Your Spells              Type           Power      Damage    Failure   Level
b - Blink                 Tloc           28%        N/A       14%         2
d - Tukima's Dance        Hex            2%         N/A       63%         3

Your spell library contained the following spells:

 Spells                   Type           Power      Damage    Failure   Level
 Gell's Gravitas          Tloc           14%        N/A       26%         3
 Lesser Beckoning         Tloc           14%        N/A       26%         3
 Teleport Other           Tloc           14%        N/A       26%         3
 Passage of Golubria      Tloc           14%        N/A       65%         4
 Manifold Assault         Tloc           14%        N/A       94%         5
 Yara's Violent Unravell  Hex/Tmut       1%         3d3       100%        5


Dungeon Overview and Level Annotations

Branches:
Dungeon (3/15)

Altars:

Shops:
D:3 *


Innate Abilities, Weirdness & Mutations

You are surrounded by a mild repulsion field. (EV +2)


Message History

The scorpion closely misses you. x2
You barely miss the scorpion.
The scorpion is moderately wounded.
The scorpion stings you but does no damage.
You hit the scorpion.
The scorpion is heavily wounded.
The scorpion stings you. The scorpion misses you.
You puncture the scorpion!
The scorpion is almost dead.
The scorpion stings you.
The scorpion stings you but does no damage.
You hit the scorpion.
You kill the scorpion!
Your Fighting skill increases to level 4!
You have reached level 5!
An orc comes into view. It is wielding a +0 morningstar.
The orc shouts!
You see here an adder corpse.
You barely miss the orc. The orc hits you with a +0 morningstar.
The orc hits you with a +0 morningstar!
You closely miss the orc. The orc hits you but does no damage.
You hit the orc.
The orc is heavily wounded.
The orc hits you with a +0 morningstar!
* * * LOW HITPOINT WARNING * * *
A hobgoblin comes into view.
The orc barely misses you.
The hobgoblin shouts!
Cast which spell? (? or * to list)
You don't know that spell.
Unknown command.
Cast which spell? (? or * to list)
Okay, then.
Cast which spell? (? or * to list)
Okay, then.
Cast which spell? (? or * to list)
You blink.
The hobgoblin hits you.
* * * LOW HITPOINT WARNING * * *
The orc hits you with a +0 morningstar.
You die...

......#....###
.#
.....##.#.##
#.#
....###...# #.
##...#..### #.
###.#'#### #.
.+∩'..###
#.####
#+##...##
....#
###.$###g..#
##..§o@..#
#####...#
#...# #####


You could see an orc and a hobgoblin.

Vanquished Creatures
  A scorpion (D:3)
  A hound (D:3)
  4 adders
  2 worms
  A dart slug (D:2)
  2 endoplasms (D:1)
  2 giant cockroaches (D:1)
  A goblin (D:2)
  5 hobgoblins
  2 quokkas (D:1)
  9 ball pythons
  3 frilled lizards (D:2)
  2 kobolds (D:2)
  5 rats
40 creatures vanquished.

Vanquished Creatures (others)
  2 demonic plants (D:2)
2 creatures vanquished.

Grand Total: 42 creatures vanquished

Notes
Turn   | Place    | Note
-------+----------+-------------------------------------------
     0 | D:1      | ThatPearl the Demonspawn Warper began the quest for the
                  | Orb.
     0 | D:1      | Reached XP level 1. HP: 16/16 MP: 3/3
   432 | D:1      | Gained mutation: You are surrounded by a mild repulsion
                  | field. (EV +2) [demonic ancestry]
   432 | D:1      | Reached XP level 2. HP: 23/23 MP: 5/5
  1493 | D:2      | Reached XP level 3. HP: 28/28 MP: 2/6
  1757 | D:2      | Reached skill level 3 in Fighting
  1919 | D:2      | Identified the +2 ring mail "Jaolea" {rElec Str+3 Int+6
                  | Dex-3}
  2189 | D:2      | Found a faded altar of an unknown god.
  2189 | D:2      | Noticed a Tzitzimitl
  2315 | D:3      | Reached XP level 4. HP: 29/35 MP: 2/7
  2335 | D:3      | Learned a level 2 spell: Blink
  2339 | D:3      | Learned a level 3 spell: Tukima's Dance
  2491 | D:3      | Found Faxou's General Store.
  2496 | D:3      | Bought a potion of curing for 39 gold pieces
  2496 | D:3      | Bought a potion of heal wounds for 65 gold pieces
  2507 | D:3      | Noticed a scorpion
  2521 | D:3      | Killed a scorpion
  2522 | D:3      | Reached skill level 4 in Fighting
  2522 | D:3      | Reached XP level 5. HP: 26/42 MP: 2/8
  2531 | D:3      | Slain by an orc

Illustrated notes

Levels and vault maps discovered:
D:1:      lemuel_arrival_broad_hall, layout_loops_ring
D:2:      minmay_general_purpose_star, layout_loops_corners,
          dreamdust_ecumenical_altar_sealed_demon
D:3:      layout_rooms, brannock_xom_greatest_gift,
          nicolae_overflow_hidden_temple, serial_shops, nicolae_shop_waterfront,
          nicolae_shop_behind_doors, minmay_mini_jars, uniq_grinder, uniq_pargi,
          uniq_crazy_yiuf_cottage

Skill      XL: |  1  2  3  4 |
---------------+-------------+-----
Axes           | 2 3 |  3.7
Fighting       | 3 4 |  4.1
Throwing       | |  0.8
Armour         | |  0.8
Dodging        | |  1.7
Spellcasting   | |  2.0
Translocations | |  2.6

Action                   |  1- 3 |  4- 6 || total
-------------------------+-------+-------++-------
Melee: Hand axe          |    19 |       ||    19
       Trident           |    21 |       ||    21
       Morningstar       |    59 |    29 ||    88
       Punch             |     1 |       ||     1
 Cast: Blink             |       |     1 ||     1
Armor: Ring mail         |    28 |    12 ||    40
Dodge: Dodged            |    65 |    19 ||    84
